 Dungeon Crawl Stone Soup version 0.31-a0-691-g409c26aa35 (webtiles) character file.

Game seed: 10864897922007419799

270 qw the Shooter (level 6, -1/38 HPs)
             Began as a Gargoyle Hunter on Sept 6, 2023.
             Engulfed by a cloud of steam (2 damage)
             ... on level 5 of the Dungeon.
             The game lasted 00:00:59 (3348 turns).

qw the Shooter (Gargoyle Hunter)                    Turns: 3348, Time: 00:01:00

Health: -1/38      AC:  9    Str: 14    XL:     6   Next: 22%
Magic:  6/6        EV: 10    Int: 10    God:
Gold:   186        SH:  5    Dex: 15    Spells: 5/5 levels left

rFire   . . .        Y - +1 shortbow
rCold   . . .        (shield currently unavailable)
rNeg    + + .        i - +0 ring mail
rPois   inf          (no helmet)
rElec   +            (no cloak)
rCorr   +            (no gloves)
SInv    .            (no boots)
Will    .....        f - amulet of reflection
Stlth   +            d - ring of positive energy
HPRegen 0.26/turn    b - ring of resist corrosion
MPRegen 0.10/turn

%: reflection
@: about to teleport
A: sickness immunity, AC +4, negative energy resistance 1, electricity
resistance, torment resistance 1, petrification resistance
a: no special abilities


You were on level 5 of the Dungeon.
You visited 1 branch of the dungeon, and saw 5 of its levels.

You collected 186 gold pieces.


Innate Abilities, Weirdness & Mutations

You are immune to sickness and miasma.
Your stone body is resilient. (AC +4)
You are immune to poison.
You resist negative energy. (rN+)
You are resistant to electric shocks. (rElec)
You are resistant to unholy torment.
You are immune to petrification.


   Skills:
 - Level 4.3 Fighting
 + Level 6.2 Ranged Weapons
 - Level 1.2 Armour
 - Level 1.5 Dodging
 - Level 1.1 Stealth


You had 5 spell levels left.
You didn't know any spells.
Your spell library was empty.

Inventory:

Hand Weapons
 Y - a +1 shortbow (weapon)
Armour
 i - a +0 ring mail (worn)
Jewellery
 b - a ring of resist corrosion (right hand)
 d - a ring of positive energy (left hand)
 f - an amulet of reflection (around neck)
Scrolls
 g - a scroll of identify
 k - a scroll of amnesia {unknown}
 m - a scroll of teleportation
Potions
 a - a potion of lignification {unknown}
 c - a potion of curing
 e - a potion of enlightenment {unknown}
 h - a potion of heal wounds {unknown}
 j - a potion of degeneration {unknown}

Dungeon Overview and Level Annotations

Branches:
Dungeon (5/15)
 Temple: D:4-7

Altars:
Sif Muna

Shops:
D:3 (


Message History

The steam dragon is moderately wounded.
You are engulfed in a cloud of scalding steam.
The steam dragon bites you but does no damage.
The steam dragon closely misses you. The steam dragon bites you!
The steam dragon claws you but does no damage.
You shoot an arrow.
The arrow hits the steam dragon but does no damage.
The steam dragon is moderately wounded.
You are engulfed in a cloud of scalding steam.
The steam dragon closely misses you.
The steam dragon claws you but does no damage.
You shoot an arrow. The arrow hits the steam dragon.
The steam dragon is heavily wounded.
You are engulfed in a cloud of scalding steam.
The steam dragon breathes steam at you. The ball of steam hits you!
You shoot an arrow. The arrow hits the steam dragon.
The steam dragon is severely wounded.
The steam dragon bites you. You block the steam dragon's attack.
You shoot an arrow.
The arrow closely misses the steam dragon.
The steam dragon bites you but does no damage.
The steam dragon claws you but does no damage.
The steam dragon closely misses you. The steam dragon claws you.
You shoot an arrow.
The arrow closely misses the steam dragon.
You block the steam dragon's attack.
The steam dragon claws you but does no damage.
You shoot an arrow. The arrow hits the steam dragon.
The steam dragon is almost dead.
The steam dragon bites you. The steam dragon closely misses you.
3347 ||| READING 2 scrolls of teleportation.
As you read the scroll of teleportation, it crumbles to dust.
You feel strangely unstable. The steam dragon breathes steam at you.
The ball of steam hits you!
You shoot an arrow. The arrow hits the steam dragon.
You kill the steam dragon!
You are engulfed in a cloud of scalding steam.
You die...

.# .######
......
....###
....(.#
......#
#####%.....#
#...@.#
#.###$# #.#
.# #.# ..
#.# ..# #.#
..# #.# ..#
#.# ..# #.#


There were no monsters in sight!

Vanquished Creatures
  A steam dragon (D:5)
  A bullfrog (D:4)
  A scorpion (D:4)
  A hound (D:4)
  An iguana (D:4)
  4 adders
  A worm (D:2)
  2 dart slugs
  5 endoplasms
  A giant cockroach (D:3)
  4 goblins
  5 hobgoblins
  4 jackals (D:1)
  5 kobolds
  9 ball pythons
  8 bats
  2 frilled lizards (D:1)
  6 rats
61 creatures vanquished.

Notes
Turn   | Place    | Note
-------+----------+-------------------------------------------
     0 | D:1      | qw the Gargoyle Hunter began the quest for the Orb.
     0 | D:1      | Reached XP level 1. HP: 12/12 MP: 1/1
     0 | D:1      | 0 ||| qw: Version: 0.3-a-76-g4403597
     0 | D:1      | 0 ||| qw: Game counter: 36
     0 | D:1      | 0 ||| qw: Melee chars always use a shield: true
     0 | D:1      | 0 ||| qw: God list: Okawaru
     0 | D:1      | 0 ||| qw: Allow faded altars: false
     0 | D:1      | 0 ||| qw: Do Orc after clearing Dungeon:15 true
     0 | D:1      | 0 ||| qw: Do second Lair branch before Depths: true
     0 | D:1      | 0 ||| qw: Lair rune preference: random
     0 | D:1      | 0 ||| qw: Goals: Normal
     0 | D:1      | 0 ||| PLANNING D:1-11
   414 | D:1      | Reached XP level 2. HP: 17/17 MP: 2/2
   774 | D:1      | Reached XP level 3. HP: 21/21 MP: 3/3
   936 | D:1      | Reached skill level 5 in Ranged Weapons
  1128 | D:1      | 1128 ||| UPGRADING to +0 ring mail.
  1138 | D:1      | 1138 ||| DROPPING +0 leather armour.
  1139 | D:1      | 1139 ||| UPGRADING to amulet of reflection.
  1144 | D:1      | 1144 ||| UPGRADING to ring of positive energy.
  1145 | D:1      | 1145 ||| READING scroll labelled ALEOFOZARR.
  1146 | D:1      | 1146 ||| READING 2 scrolls labelled HEETHRA VYFOS.
  1147 | D:1      | 1147 ||| READING scroll labelled WILEUH ETA.
  1148 | D:1      | 1148 ||| DROPPING scroll of butterflies.
  1297 | D:2      | Reached skill level 1 in Armour
  1762 | D:2      | 1762 ||| UPGRADING to ring of resist corrosion.
  1818 | D:3      | Found Foxogiq's Antique Weapon Shoppe.
  1834 | D:3      | Reached XP level 4. HP: 25/27 MP: 4/4
  1926 | D:3      | Found a faded altar of an unknown god.
  1934 | D:3      | Reached skill level 3 in Fighting
  2282 | D:3      | 2282 ||| READING 3 scrolls labelled JUCROCY QOASH.
  2283 | D:3      | 2283 ||| READING scroll labelled KAUS WUOFIEDUU.
  2284 | D:3      | 2284 ||| READING 2 scrolls labelled HUBBUJYGGY.
  2287 | D:3      | 2287 ||| DROPPING 2 scrolls of vulnerability.
  2456 | D:4      | Reached XP level 5. HP: 32/32 MP: 5/5
  2681 | D:4      | Found a shimmering blue altar of Sif Muna.
  2683 | D:4      | 2683 ||| READING scroll labelled BAPUICH ANEE.
  2684 | D:4      | 2684 ||| READING scroll labelled ETSAEDGHERI.
  2685 | D:4      | 2685 ||| DRINKING 2 bubbling silvery potions.
  2794 | D:4      | Reached skill level 6 in Ranged Weapons
  3005 | D:4      | Reached XP level 6. HP: 27/38 MP: 6/6
  3193 | D:5      | Entered Level 5 of the Dungeon
  3333 | D:5      | Noticed a steam dragon
  3346 | D:5      | HP: 9/38 [steam dragon (2)]
  3347 | D:5      | 3347 ||| READING 2 scrolls of teleportation.
  3347 | D:5      | HP: 1/38 [steam dragon/ball of steam (9)]
  3348 | D:5      | Killed a steam dragon
  3348 | D:5      | Engulfed by a cloud of steam

Levels and vault maps discovered:
D:1:      roderic_octagonal_star, layout_basic, lemuel_flame_loot_1
D:2:      layout_loops_ring
D:3:      layout_basic, serial_shops, shop, ebering_ecumenical_altar_webs,
          moated_statue
D:4:      layout_loops_corners, mainiacjoe_overflow_brackets
D:5:      layout_basic

Skill      XL: |  1  2  3  4  5 |
---------------+----------------+-----
Ranged Weapons | 5 6 |  6.2
Armour         | 1 |  1.2
Fighting       | 3 4 |  4.3
Dodging        | |  1.5
Stealth        | |  1.1

Action                     |  1- 3 |  4- 6 || total
---------------------------+-------+-------++-------
   Fire: Shortbow          |   127 |    85 ||   212
    Use: Scroll            |     3 |     6 ||     9
         Potion            |       |     1 ||     1
 Armour: Leather armour    |    19 |       ||    19
         Ring mail         |     6 |    33 ||    39
  Dodge: Dodged            |    25 |    17 ||    42
  Block: Other             |     3 |    11 ||    14

Table legend:
 A = Non-vault XP
 B = Vault XP
 C = Vault XP percentage of total XP
 D = Non-vault monster count
 E = Vault monster count
 F = Vault count percentage of total count
                 A         B        C        D         E       F
            +---------+---------+-------+---------+---------+-------
      Total |     559 |       0 |   0.0 |      61 |       0 |   0.0
            +---------+---------+-------+---------+---------+-------
        D:1 |      42 |       0 |   0.0 |      25 |       0 |   0.0
        D:2 |      37 |       0 |   0.0 |      16 |       0 |   0.0
        D:3 |      28 |       0 |   0.0 |       9 |       0 |   0.0
        D:4 |     267 |       0 |   0.0 |       9 |       0 |   0.0
        D:5 |     185 |       0 |   0.0 |       2 |       0 |   0.0
            +---------+---------+-------+---------+---------+-------
